Map: Néo-Gettysburg EC

Players

vanderlokken - Winner!

  • Race: Terran Terran
  • League: Diamond

Worming

  • Race: Protoss Protoss
  • League: Diamond

VOD

Have the link to the VOD?

Description

Time

  • Played on: Oct. 21, 2016, 12:04 p.m.
  • Length: 9:21
Show
View Real Time Build Order
Export as new Build Order

vanderlokken Terran - Winner!

Build Orders: MMM Bio 

Get SALT Encoding   

  12  0:00  SCV  
  13  0:13  SCV  
  14  0:19  Supply Depot  
  14  0:25  SCV  
  15  0:41  SCV  
  15  0:42  Barracks  
  16  0:46  Refinery  
  16  0:53  SCV  
  17  1:05  SCV  
  18  1:17  SCV  
  19  1:19  Supply Depot  
  19  1:32  Orbital Command  
  19  1:34  Barracks Reactor  
  19  1:50  Command Center, Unknown  
  19  2:00  SCV  
  20  2:06  Supply Depot  
  20  2:13  Factory  
  20  2:14  Marine  
  21  2:17  SCV  
  22  2:24  Marine  
  22  2:28  Refinery  
  23  2:32  SCV  
  24  2:37  Marine  
  25  2:44  Marine  
  25  2:45  SCV  
  27  2:55  Marine  
  27  2:57  SCV  
  29  3:01  Barracks, Factory Tech Lab  
  29  3:02  Unknown  
  29  3:05  Marine  
  30  3:07  Engineering Bay  
  30  3:12  Orbital Command  
  30  3:16  SCV  
  31  3:25  Cyclone  
  35  3:28  Marine  
  35  3:31  SCV  
  37  3:37  Terran Infantry Weapons Level 1  
  37  3:47  Starport  
  37  3:48  SCV  
  39  3:51  SCV  
  39  3:53  Barracks Tech Lab  
  39  4:03  Widow Mine  
  39  4:05  Marine  
  39  4:06  Marine  
  39  4:08  SCV x2  
  45  4:15  Combat Shields  
  45  4:21  Supply Depot  
  45  4:22  Supply Depot  
  45  4:24  SCV  
  45  4:26  Liberator  
  46  4:35  Barracks  
  46  4:43  SCV x2, Marauder, Marine x2  
  55  4:50  Supply Depot  
  55  4:52  Supply Depot, Widow Mine  
  55  4:55  SCV  
  55  4:59  SCV, Refinery  
  59  5:00  Refinery  
  59  5:05  Marauder  
  59  5:06  Marine  
  62  5:12  SCV, Marine  
  64  5:14  Supply Depot  
  64  5:16  Supply Depot  
  64  5:18  SCV  
  65  5:24  SCV  
  65  5:26  Widow Mine  
  68  5:29  Starport Reactor  
  68  5:37  Marine x2  
  68  5:38  Marauder  
  68  5:40  SCV x2  
  74  5:46  Barracks Tech Lab  
  74  5:50  Stimpack  
  74  5:52  SCV x2  
  76  5:59  Marine x2  
  76  6:01  Marauder  
  76  6:03  Widow Mine  
  82  6:04  SCV x2  
  82  6:07  Medivac x2  
  88  6:22  Marauder  
  88  6:24  Marine x2  
  88  6:25  Marauder  
  94  6:47  Marauder  
  94  6:48  Marine  
  94  6:53  Marauder  
  96  6:57  Supply Depot, Terran Infantry Armor Level 1  
  96  6:59  Supply Depot  
  96  7:00  Armory  
  96  7:02  Engineering Bay, Widow Mine  
  96  7:03  Marine  
  96  7:04  Concussive Shells  
  96  7:05  SCV x2  
  101  7:09  Marauder  
  101  7:15  Marauder  
  93  7:30  Marauder  
  94  7:39  Marine x3  
  97  7:51  Marauder  
  97  7:56  Marine x2  
  97  7:57  Marauder  
  98  8:08  Widow Mine  
  98  8:10  Medivac x2, Command Center, Unknown  
  104  8:13  Marauder  
  104  8:14  Marine x2  
  104  8:19  Marauder  
  110  8:25  Supply Depot x2  
  110  8:32  Marine x2  
  112  8:34  Marauder  
  112  8:37  Widow Mine  
  112  8:39  Marine  
  114  8:50  Marine x2  
  116  8:56  Marauder  
  116  8:58  Marauder  
Show
View Real Time Build Order
Export as new Build Order

Worming Protoss 

Build Orders: Blink Stalkers 

Get SALT Encoding   

  12  0:02  Probe (Chrono Boost)  
  13  0:12  Probe (Chrono Boost)  
  14  0:19  Pylon  
  14  0:24  Probe (Chrono Boost)  
  15  0:37  Probe (Chrono Boost)  
  15  0:40  Gateway  
  16  0:48  Probe (Chrono Boost)  
  17  0:58  Probe (Chrono Boost)  
  18  1:09  Probe (Chrono Boost)  
  19  1:29  Cybernetics Core  
  19  1:37  Zealot, Assimilator  
  19  1:39  Probe (Chrono Boost)  
  22  1:46  Nexus, Unknown  
  22  1:57  Probe (Chrono Boost)  
  22  2:00  Assimilator  
  23  2:19  Pylon  
  23  2:28  Pylon  
  23  2:30  Warp Gate  
  23  2:37  Probe (Chrono Boost)  
  23  2:42  Twilight Council  
  24  2:48  Probe (Chrono Boost), Zealot  
  27  2:57  Unknown  
  29  2:58  Probe (Chrono Boost)  
  29  3:03  Mothership Core (Chrono Boost)  
  30  3:09  Probe (Chrono Boost)  
  31  3:16  Zealot  
  31  3:18  Blink  
  31  3:19  Probe (Chrono Boost)  
  34  3:23  Probe (Chrono Boost), Pylon  
  35  3:30  Probe (Chrono Boost)  
  36  3:37  Assimilator  
  36  3:40  Probe (Chrono Boost)  
  37  3:47  Gateway  
  37  3:49  Gateway  
  37  3:55  Gateway  
  37  3:59  Probe (Chrono Boost)  
  37  4:01  Probe (Chrono Boost)  
  39  4:10  Probe (Chrono Boost)  
  40  4:17  Pylon  
  40  4:20  Probe (Chrono Boost)  
  41  4:40  Stalker  
  41  4:44  Probe (Chrono Boost)  
  45  4:46  Probe (Chrono Boost)  
  45  4:47  Stalker x2  
  49  4:54  Probe (Chrono Boost)  
  49  4:56  Pylon  
  49  4:59  Probe (Chrono Boost)  
  51  5:02  Robotics Facility  
  51  5:05  Probe (Chrono Boost)  
  52  5:10  Assimilator  
  52  5:11  Probe (Chrono Boost)  
  53  5:14  Stalker  
  53  5:15  Probe (Chrono Boost)  
  56  5:26  Probe (Chrono Boost)  
  58  5:29  Probe (Chrono Boost)  
  58  5:33  Stalker x2  
  62  5:36  Probe (Chrono Boost)  
  62  5:41  Probe (Chrono Boost)  
  64  5:45  Forge  
  64  5:47  Probe (Chrono Boost)  
  65  5:51  Observer  
  65  5:56  Sentry x2  
  65  5:57  Sentry x2, Pylon  
  72  6:03  Pylon  
  69  6:16  Pylon  
  68  6:29  Stalker x2  
  68  6:30  Stalker  
  73  6:48  Resonating Glaives  
  73  6:50  Stalker  
  75  6:56  Adept x3  
  75  6:59  Protoss Ground Weapons Level 1  
  81  7:19  Stalker x3  
  63  7:37  Stalker  
  54  8:00  Stalker x2  
  54  8:01  Stalker x2  
  62  8:36  Adept  
  62  8:37  Adept x3  
  62  8:40  Immortal  
  70  8:59  Adept x4  
  78  9:06  Gateway  
  78  9:08  Gateway  
Tags
 
Add a new tag
Caveats
  • Supply blocks, unpowered buildings, or Contaminate may cause inaccurate times.
  • Supply counts are checked every 10 seconds.